 Dungeon Crawl Stone Soup version 0.31-a0-1008-g5b978dac0e (webtiles) character file.

Game seed: 7246095585309286389

80 Descartes the Changeling (level 4, -2/30 HPs)
             Began as an Octopode Shapeshifter on Nov 12, 2023.
             Slain by an orc
             ... wielding a +0 trident
              (6 damage)
             ... on level 3 of the Dungeon.
             The game lasted 00:03:41 (2394 turns).

Descartes the Changeling (Octopode Shapeshifter)    Turns: 2394, Time: 00:03:41

Health: -2/30      AC:  1    Str: 15    XL:     4   Next: 39%
Magic:  4/4        EV: 13    Int: 12    God:
Gold:   169        SH:  0    Dex: 11    Spells: 3/3 levels left

rFire   . .          .
                       - Unarmed
rCold   . . .        (no shield)
rNeg    . . .        (helmet currently unavailable)
rPois   .            (no amulet)
rElec   .            (no ring)
rCorr   .            (no ring)
SInv    .            (no ring)
Will    .....        (no ring)
Stlth   ++           (no ring)
HPRegen 0.25/turn    (no ring)
MPRegen 0.09/turn    (no ring)
                     (no ring)

%: no passive effects
@: beast-form
A: beast (slay +2), almost no armour, amphibious, 8 rings, camouflage 1,
gelatinous body 1, (nimble swimmer 1), tentacles
a: Begin Untransformation


You were on level 3 of the Dungeon.
You were a hulking beast.
You visited 1 branch of the dungeon, and saw 3 of its levels.

You collected 169 gold pieces.

Inventory:

Hand Weapons
 n - a +0 rapier
Talismans
 b - a beast talisman
 c - a flux talisman
Scrolls
 e - a scroll of blinking {unknown}
 f - 4 scrolls of identify {unknown}
 g - a scroll of vulnerability {unknown}
 h - a scroll of teleportation {unknown}
 k - a scroll of amnesia {unknown}
 l - a scroll of enchant weapon {unknown}
 m - a scroll of revelation {unknown}
 q - a scroll of enchant armour {unknown}
 s - a scroll of poison {unknown}
Potions
 a - a potion of lignification
 d - a potion of cancellation {unknown}
 i - a potion of invisibility {unknown}
 j - 2 potions of heal wounds {unknown}
 o - a potion of might {unknown}
 p - a potion of curing {unknown}
 r - a potion of mutation {unknown}


   Skills:
 + Level 2.5 Fighting
 + Level 3.0 Dodging
 - Level 3.0 Unarmed Combat
 + Level 3.6 Shapeshifting


You had 3 spell levels left.
You didn't know any spells.
Your spell library contained the following spells:

 Spells                   Type           Power      Damage    Failure   Level
 Freeze                   Ice            0%         1d3       32%         1
 Frozen Ramparts          Ice            0%         1d1       69%         3
 Hailstorm                Conj/Ice       0%         3d3       69%         3


Dungeon Overview and Level Annotations

Branches:
Dungeon (3/15)

Altars:
Ashenzari
The Shining One


Innate Abilities, Weirdness & Mutations

You are a hulking beast.
Your limbs bulge with bestial killing power. (Slay +2)
You cannot wear most types of armour.
You are amphibious.
You can wear up to eight rings at the same time.
Your skin changes colour to match your surroundings (Stealth+).
Your rubbery body absorbs attacks. (AC +1, EV +1)
((You are camouflaged when in or above water. (Stealth+)))
You have tentacles for arms and can constrict up to eight enemies at once.


Message History

The orc hits you from afar with a +0 trident.
The orc closely misses you.
You tentacle-slap the orc but do no damage.
You squeeze the orc.
The orc is severely wounded.
You constrict the orc. The rat misses you. The orc misses you.
The orc barely misses you.
You tentacle-slap the orc.
You kill the orc!
The rat barely misses you. The orc barely misses you.
Unknown command.
The rat attacks as it pursues you! The rat bites you.
You tentacle-slap the rat.
You kill the rat!
The kobold misses you.
You see here a rat corpse.
You barely miss the kobold. You grab the kobold.
You squeeze the kobold, but do no damage.
You constrict the kobold. The kobold barely misses you.
The orc hits you from afar with a +0 trident!
You release your grip on the kobold.
The kobold attacks as it pursues you! The kobold closely misses you.
The kobold attacks as it pursues you! The kobold closely misses you.
You barely miss the kobold. Your grab misses the kobold.
The kobold is heavily wounded.
The kobold closely misses you.
You tentacle-slap the kobold but do no damage.
You grab the kobold.
The kobold is heavily wounded.
You constrict the kobold.
You kill the kobold!
The orc hits you from afar with a +0 trident.
The orc hits you with a +0 trident!
* * * LOW HITPOINT WARNING * * *
Things that are here:
a +2 dagger of draining; a kobold corpse You tentacle-slap the orc.
Your grab misses the orc.
The orc is almost dead.
The orc hits you with a +0 trident.
You die...

..#.....#..#####
#.#.....#..#
#.##.#.....# .###
#..#.#.###<#
.....#..#.......#
#..o))###....##
##.# ####.#
##########..# #.#
#.......hoo.# #.#
#.#########.# #..
#.# #.# #.> #.#
#.# #.. #.# #=.
#.###########
#.........
#######.........
................


You could see 2 orcs.

Vanquished Creatures
  Robin (D:2)
  2 gnolls
  2 worms (D:2)
  A dart slug (D:1)
  An orc (D:3)
  2 ball pythons (D:1)
  4 endoplasms
  A giant cockroach (D:2)
  7 goblins
  4 hobgoblins
  3 kobolds (D:3)
  A quokka (D:2)
  6 bats
  A frilled lizard (D:1)
  4 rats
40 creatures vanquished.

Notes
Turn   | Place    | Note
-------+----------+-------------------------------------------
     0 | D:1      | Descartes the Octopode Shapeshifter began the quest for the
                  | Orb.
     0 | D:1      | Reached XP level 1. HP: 13/13 MP: 1/1
   135 | D:1      | Reached XP level 2. HP: 18/18 MP: 2/2
   566 | D:1      | Reached XP level 3. HP: 7/24 MP: 3/3
  1083 | D:2      | Noticed Robin
  1114 | D:2      | Killed Robin
  1485 | D:2      | Reached XP level 4. HP: 26/29 MP: 4/4
  1888 | D:2      | Found a faded altar of an unknown god.
  2167 | D:3      | Found a glowing golden altar of the Shining One.
  2194 | D:3      | Found a broken altar of Ashenzari.
  2394 | D:3      | Slain by an orc

Illustrated notes

Levels and vault maps discovered:
D:1:      roderic_dead_forest, layout_basic, serial_co_window_serial,
          co_window_corner_a, co_window_cross_1, co_window_corner_a,
          co_window_paths_b, co_window_paths_a, co_window_unsneaky_path_c,
          co_window_broadway_c, co_window_unsneaky_path_b, co_window_4corner_a,
          glass_columns_b, glass_columns_c, glass_columns_a, glass_columns_a,
          minmay_pentomino_w2
D:2:      layout_loops_ring, chequers_ecumenical_altar_grove, kennysheep_path_1,
          minmay_between, uniq_robin
D:3:      minmay_evil_eye, layout_basic, mainiacjoe_overflow_24_doors,
          lemuel_crystal_altar, minitemple, eino_tiny_chamber, minivault_5

Skill      XL: |  1  2  3  4 |
---------------+-------------+-----
Fighting       | 2 |  2.5
Dodging        | 3 |  3.0
Unarmed Combat | |  3.0
Shapeshifting  | |  3.6

Action                     |  1- 3 |  4- 6 || total
---------------------------+-------+-------++-------
  Melee: Unarmed           |    54 |    29 ||    83
         Tentacles         |    10 |     4 ||    14
         Constrict         |    11 |     8 ||    19
         Punch             |     1 |     1 ||     2
   Stab: Sleeping          |     6 |     2 ||     8
 Armour: Skin              |    24 |    17 ||    41
  Dodge: Dodged            |    38 |    29 ||    67

Table legend: (Time is in decaauts)
 A = Elapsed time spent in this place.
 B = Non-inter-level travel time spent in this place.
 C = Inter-level travel time spent in this place.
 D = Time resting spent in this place.
 E = Time spent auto-exploring this place.
 F = Levels seen in this place.
 G = Mean time per level.
                   A        B        C        D        E       F      G
               +--------+--------+--------+--------+--------+-----+--------+
         Total |   2388 |   2251 |    137 |      0 |   1964 |   3 |  796.0 |
       Dungeon |   2388 |   2251 |    137 |      0 |   1964 |   3 |  796.0 |
               +--------+--------+--------+--------+--------+-----+--------+

Top non-repeatable levels by time:
     D:2: 1069 daAuts
     D:1: 1029 daAuts
     D:3: 289 daAuts
